Map: Mementos LE

Players

Sentinel - Winner!

  • Race: Zerg Zerg
  • Spawn Location: 7:00

Mage - Winner!

  • Race: Protoss Protoss
  • Spawn Location: 9:00

Bao - Winner!

  • Race: Protoss Protoss
  • Spawn Location: 6:00

SaBnarael - Winner!

  • Race: Terran Terran
  • Spawn Location: 9:00

Starlord

  • Race: Protoss Protoss
  • Spawn Location: 3:00

Imbatible

  • Race: Terran Terran
  • Spawn Location: 1:00

TheLooser

  • Race: Protoss Protoss
  • Spawn Location: 12:00

pixel

  • Race: Protoss Protoss
  • Spawn Location: 3:00

VOD

Have the link to the VOD?

Description

Sabnarael

Time

  • Played on: June 16, 2020, 2 a.m.
  • Length: 16:39
Show
View Real Time Build Order
Export as new Build Order

Sentinel Zerg - Winner!

Build Orders: Hatch First 

Get SALT Encoding   

  12  0:02  Drone  
  13  0:11  Drone  
  14  0:36  Hatchery  
  14  0:39  Drone  
  14  0:49  Overlord  
  14  1:08  Spawning Pool  
  14  1:09  Drone  
  14  1:29  Drone x2  
  14  1:30  Drone  
  17  1:40  Extractor  
  17  1:41  Drone  
  17  1:51  Drone  
  17  1:53  Drone  
  19  2:05  Drone  
  19  2:07  Drone  
  21  2:11  Drone  
  21  2:12  Queen  
  21  2:14  Queen  
  26  2:24  Overlord  
  26  2:35  Zergling x4  
  28  2:38  Overlord x2  
  28  2:45  Extractor, Zergling x2  
  28  2:47  Zergling x2  
  30  3:03  Zergling x2  
  31  3:09  Zergling x4  
  33  3:16  Overlord  
  33  3:19  Zergling x2  
  34  3:22  Metabolic Boost  
  34  3:30  Zergling x4  
  34  3:32  Zergling x6  
  39  3:40  Zergling x2  
  40  3:41  Zergling x2  
  40  3:42  Zergling x4  
  40  3:47  Zergling x2  
  44  3:49  Zergling x2  
  45  3:58  Zergling x6  
  45  4:00  Zergling x2  
  49  4:07  Zergling x2  
  49  4:09  Zergling x6  
  53  4:10  Zergling x2  
  32  5:06  Zergling x2  
  28  5:07  Zergling x12  
  28  5:08  Zergling x8  
  31  5:42  Zergling x4  
  28  5:43  Zergling x14  
  33  6:33  Zergling x2  
  33  6:34  Zergling x8  
  33  6:35  Zergling x14  
  45  7:27  Zergling x12  
  45  7:28  Zergling x12  
  36  8:30  Drone x7  
  36  8:31  Drone x5  
  39  8:56  Hatchery  
  39  9:01  Spawning Pool  
  36  9:51  Hatchery  
  35  9:58  Hatchery  
  34  10:01  Drone x3  
  34  10:02  Drone x3  
  40  10:12  Queen  
  42  10:17  Extractor  
  42  10:21  Drone x4  
  43  10:22  Drone  
  46  10:38  Drone x5  
  51  10:47  Extractor  
  50  10:52  Extractor  
  49  11:01  Extractor  
  49  11:04  Extractor  
  47  11:06  Zergling x12  
  47  11:07  Zergling x10  
  46  11:54  Spore Crawler  
  43  12:02  Spine Crawler  
  43  12:07  Spore Crawler  
  41  12:16  Lair  
  41  12:30  Hatchery  
  41  12:34  Drone  
  41  12:35  Drone x2  
  43  12:42  Drone x5  
  43  12:43  Drone x7  
  43  12:44  Drone x2  
  57  13:05  Drone  
  58  13:07  Overlord  
  58  13:34  Overseer  
  58  13:46  Spire  
  57  13:50  Spire  
  57  13:51  Drone x2  
  57  13:52  Overlord  
  58  13:56  Overlord x5  
  58  13:57  Overlord  
  58  14:11  Drone  
  58  14:12  Drone x2  
  61  14:18  Drone x8  
  61  14:19  Drone x3  
  72  14:37  Queen  
  74  14:41  Queen  
  75  14:52  Zergling x4  
  68  14:53  Zergling x14  
  74  15:15  Mutalisk x3  
  74  15:20  Mutalisk  
  74  15:21  Mutalisk x2  
  82  15:26  Mutalisk x8  
  82  15:27  Mutalisk  
  104  15:30  Mutalisk  
  104  15:34  Mutalisk  
  108  15:38  Overseer  
  108  15:48  Mutalisk x2  
  112  15:53  Mutalisk x3  
Show
View Real Time Build Order
Export as new Build Order

Mage Protoss - Winner!

Build Orders:  

Get SALT Encoding   

  12  0:02  Probe  
  13  0:16  Pylon  
  13  0:36  Probe  
  14  0:48  Probe  
  15  0:54  Gateway  
  15  1:00  Probe  
  16  1:06  Forge  
  16  1:12  Probe  
  16  1:14  Pylon  
  17  1:24  Assimilator, Probe  
  18  1:30  Assimilator  
  18  1:36  Probe  
  19  1:48  Probe  
  20  1:58  Nexus  
  20  2:12  Probe  
  21  2:19  Cybernetics Core  
  21  2:31  Probe  
  22  2:39  Probe  
  23  2:48  Probe  
  23  2:50  Assimilator  
  24  2:58  Assimilator  
  24  3:00  Probe  
  25  3:12  Probe  
  26  3:16  Stargate  
  26  3:18  Stargate  
  26  3:19  Probe  
  27  3:25  Probe  
  27  3:31  Probe  
  27  3:33  Probe  
  29  3:43  Probe  
  30  3:55  Probe  
  30  3:58  Pylon  
  35  4:08  Probe  
  19  5:08  Forge  
Show
View Real Time Build Order
Export as new Build Order

Bao Protoss - Winner!

Build Orders:  

Get SALT Encoding   

  12  0:01  Probe  
  13  0:13  Probe  
  14  0:18  Pylon  
  15  0:28  Probe  
  15  0:38  Gateway  
  15  0:41  Probe  
  16  0:51  Gateway  
  16  0:55  Probe  
  17  1:15  Pylon  
  17  1:17  Zealot  
  19  1:31  Zealot  
  21  1:42  Zealot  
  23  1:51  Cybernetics Core  
  23  1:54  Zealot  
  23  1:57  Probe  
  26  2:07  Pylon  
  26  2:09  Zealot  
  26  2:12  Assimilator  
  26  2:13  Zealot  
  30  2:26  Probe  
  31  2:38  Probe  
  31  2:39  Zealot  
  31  2:43  Zealot  
  36  2:49  Assimilator  
  36  3:06  Zealot  
  36  3:12  Probe  
  39  3:18  Warp Gate  
  39  3:26  Pylon  
  39  3:44  Stalker, Probe  
  39  3:47  Zealot  
  44  3:51  Pylon  
  44  4:01  Pylon  
  44  4:14  Stalker x2  
  48  4:21  Gateway  
  48  4:23  Pylon  
  48  4:38  Probe  
  48  4:40  Twilight Council  
  41  5:05  Nexus  
  40  5:24  Charge  
  40  5:42  Stalker x2  
  44  5:43  Stalker  
  44  5:45  Probe  
  47  6:10  Stalker x3  
  53  6:12  Nexus  
  53  6:16  Pylon  
  53  6:20  Robotics Facility  
  53  6:21  Pylon  
  53  6:36  Probe  
  53  6:37  Probe  
  55  6:43  Stalker  
  55  6:44  Stalker  
  59  6:49  Probe x2  
  55  7:28  Observer  
  53  7:32  Stalker x2  
  53  7:33  Stalker  
  58  7:37  Probe x3  
  61  7:46  Observer  
  61  7:49  Probe  
  61  8:01  Stalker x3  
  67  8:16  Probe x3  
  70  8:28  Gateway  
  70  8:30  Gateway  
  70  8:53  Stalker x3  
  76  9:16  Stalker x3  
  82  9:28  Blink  
  82  9:30  Assimilator  
  82  9:35  Forge x2  
  82  9:36  Assimilator  
  82  9:38  Pylon  
  82  9:40  Pylon  
  82  9:41  Observer  
  82  9:43  Stalker  
  82  9:44  Stalker x3  
  82  9:45  Stalker  
  93  10:09  Protoss Shields Level 1, Protoss Ground Weapons Level 1  
  91  10:19  Stalker x3  
  91  10:20  Stalker  
  91  10:21  Zealot  
  101  10:23  Probe x3  
  104  10:35  Probe x3  
  107  10:50  Stalker x3  
  107  10:51  Stalker  
  107  10:55  Probe x2  
  107  10:56  Probe  
  118  11:07  Probe x2  
  120  11:30  Nexus  
  120  11:54  Zealot x2  
  124  12:16  Protoss Shields Level 2, Protoss Ground Weapons Level 2, Probe  
  125  12:25  Pylon  
  125  12:27  Pylon  
  125  12:31  Pylon  
  125  12:36  Pylon  
  125  12:42  Pylon, Probe x2  
  127  12:45  Probe x2  
  127  12:49  Pylon  
  129  12:52  Pylon  
  129  12:54  Probe x2  
  129  12:57  Probe x2  
  133  13:06  Probe  
  133  13:08  Stalker x5  
  144  13:18  Assimilator  
  144  13:24  Assimilator  
  144  13:35  Stalker x4  
  144  13:36  Stalker  
  154  13:43  Gateway  
  154  13:45  Gateway, Probe x3  
  154  13:47  Gateway  
  157  14:00  Stalker x2  
  157  14:01  Stalker x3  
  131  15:07  Immortal, Stalker x2  
  131  15:08  Stalker x3  
  131  15:09  Stalker x3  
  151  15:27  Nexus  
  149  15:30  Pylon  
  149  15:34  Pylon  
  149  15:36  Pylon  
  149  15:42  Immortal  
  149  15:49  Probe x3  
  156  15:50  Probe  
  157  15:57  Stalker x3  
  157  15:58  Stalker x3  
  157  15:59  Stalker x2  
  173  16:25  Stalker  
  173  16:26  Stalker x5  
  173  16:27  Stalker  
  173  16:28  Stalker  
  189  16:36  Assimilator  
  189  16:39  Assimilator  
Show
View Real Time Build Order
Export as new Build Order

SaBnarael Terran - Winner!

Build Orders:  

Get SALT Encoding   

  12  0:02  SCV  
  13  0:14  SCV  
  14  0:20  Supply Depot  
  14  0:33  SCV  
  15  0:45  SCV  
  16  0:57  SCV  
  16  0:59  Barracks  
  16  1:01  Barracks  
  17  1:14  Barracks  
  17  1:17  SCV  
  18  1:27  Supply Depot  
  18  1:31  Supply Depot  
  18  1:35  SCV  
  19  1:48  Marine  
  19  1:49  Marine  
  21  1:59  Barracks  
  21  2:00  Marine  
  22  2:06  Marine x2  
  24  2:18  Marine  
  25  2:24  Marine x2  
  27  2:36  Marine  
  28  2:42  Marine x2  
  30  2:54  Bunker, Marine  
  30  2:57  Bunker  
  31  3:00  Marine  
  31  3:04  Marine x2  
  34  3:11  Marine  
  35  3:16  Supply Depot  
  35  3:17  Marine  
  36  3:22  Marine x2  
  38  3:53  Command Center  
  38  4:26  Bunker  
  27  5:10  SCV  
  17  5:22  SCV  
  21  5:34  SCV  
  18  5:46  SCV  
  19  5:50  Barracks  
  19  5:54  Barracks x2  
  19  5:56  Barracks x2  
  19  5:59  Orbital Command  
  19  6:14  Bunker  
  13  6:45  Orbital Command  
  3  7:53  Command Center  
  3  7:58  SCV  
  4  8:05  Command Center  
  4  8:10  SCV  
  5  8:43  SCV  
  7  8:55  SCV  
  7  9:06  Orbital Command  
  7  9:07  SCV  
  7  9:19  SCV  
  8  9:40  SCV x2  
  11  9:52  SCV  
  9  10:04  SCV  
  10  10:09  Command Center  
  10  10:18  Orbital Command  
  10  10:19  SCV  
  11  10:30  Refinery  
  11  10:31  SCV  
  12  10:43  SCV  
  13  10:55  SCV  
  14  11:07  SCV  
  15  11:19  SCV  
  15  11:21  Barracks  
  16  11:25  Barracks  
  16  11:29  Barracks  
  16  11:31  SCV  
  17  11:33  SCV  
  18  11:43  SCV  
  18  11:45  Orbital Command  
  19  11:56  SCV  
  20  12:26  Marine x3, Refinery  
  23  12:34  Barracks  
  23  12:36  SCV  
  24  12:38  Barracks, SCV  
  24  12:43  Marine  
  24  12:44  Marine x2  
  26  12:48  SCV  
  26  12:49  Supply Depot  
  26  12:50  SCV  
  30  12:52  Supply Depot  
  30  13:00  SCV  
  30  13:01  Marine  
  30  13:02  Marine x2  
  30  13:03  SCV  
  35  13:13  SCV  
  35  13:19  Marine x3  
  37  13:25  SCV  
  40  13:29  Marine x2  
  42  13:37  Marine x3  
  42  13:40  Supply Depot  
  45  13:41  Supply Depot  
  45  13:46  Marine  
  45  13:47  Marine, SCV  
  48  13:55  Marine x3  
  50  13:59  SCV  
  52  14:04  Marine  
  52  14:05  Marine  
  54  14:12  SCV  
  54  14:13  Marine x3  
  58  14:17  Supply Depot  
  58  14:20  Supply Depot  
  58  14:22  Marine  
  58  14:23  Marine  
  58  14:24  SCV  
  61  14:30  Marine  
  61  14:31  Marine x2  
  63  14:40  Marine x2  
  65  14:48  Marine x2  
  65  14:49  Marine  
  68  14:58  Marine x2  
  70  15:06  Marine x2  
  47  15:35  Marine  
  47  15:36  Marine x4  
  50  15:53  Marine  
  50  15:54  Marine x4  
  40  16:11  Marine  
  40  16:12  Marine x4  
  36  16:20  Refinery  
  36  16:24  Command Center  
Show
View Real Time Build Order
Export as new Build Order

Starlord Protoss 

Build Orders:  

Get SALT Encoding   

  12  1:32  Probe  
  13  1:35  Assimilator  
  13  1:39  Assimilator  
  13  1:57  Probe  
  14  2:03  Pylon  
  14  2:09  Probe  
Show
View Real Time Build Order
Export as new Build Order

Imbatible Terran 

Build Orders:  

Get SALT Encoding   

  12  0:13  Supply Depot, SCV  
  13  0:23  Refinery  
  13  0:25  SCV  
  14  0:38  SCV  
  14  0:41  Barracks  
  15  0:48  Barracks  
  15  0:56  SCV  
  16  1:09  SCV  
  17  1:21  SCV  
  18  1:30  Barracks  
  18  1:33  SCV  
  18  1:34  Marine  
  18  1:37  Barracks  
  18  1:39  Marine  
  21  1:45  Supply Depot  
  21  1:49  SCV  
  22  1:57  Marine  
  23  2:06  Marine, SCV  
  25  2:08  Engineering Bay  
  25  2:19  Factory  
  25  2:26  Barracks Reactor  
  25  2:27  Barracks Reactor  
  25  2:28  Marine x2  
  27  2:35  Terran Infantry Weapons Level 1, Supply Depot  
  26  2:49  Marine  
  26  2:50  Marine  
  28  2:58  Supply Depot  
  28  3:05  Marine x2  
  30  3:09  Factory Tech Lab  
  30  3:17  Marine x2  
  30  3:18  Marine  
  33  3:24  Barracks Reactor, Marine x2, Supply Depot  
  35  3:42  Orbital Command  
  35  3:46  Supply Depot  
  35  3:48  Marine  
  35  3:49  Marine x3  
  35  3:52  Barracks Reactor  
  39  4:07  Siege Tank  
  39  4:09  Supply Depot  
  42  4:13  Marine x2  
  37  4:29  Terran Infantry Armor Level 1  
  36  4:36  Marine x2  
  36  4:58  Marine  
  24  5:33  Marine  
  24  5:34  Marine  
  24  5:40  Marine  
  21  6:02  Marine  
  8  8:22  Marine  
  8  8:23  Marine  
  10  8:40  Marine x2  
  12  8:58  Marine x2  
  8  11:51  Barracks Reactor  
  8  12:22  Marine  
  9  12:38  Stimpack  
  9  12:40  Marine  
  10  12:58  Marine  
  10  12:59  Marine x2  
  13  13:16  Marine  
  13  13:17  Marine x2  
  16  13:34  Marine  
  17  13:35  Marine x2  
  19  13:52  Marine  
Show
View Real Time Build Order
Export as new Build Order

TheLooser Protoss 

Build Orders: Cannon Rush 

Get SALT Encoding   

  12  0:11  Pylon  
  12  0:31  Probe, Forge  
  13  0:39  Probe  
  13  0:48  Probe  
  15  1:05  Pylon  
  15  1:12  Probe  
  15  1:13  Pylon  
  16  1:20  Probe  
  17  1:29  Photon Cannon, Probe  
  17  1:31  Gateway  
  18  1:36  Photon Cannon  
  18  1:42  Pylon, Probe  
  19  1:48  Photon Cannon  
  19  1:50  Pylon  
  19  1:54  Probe  
  20  1:58  Pylon  
  20  2:10  Zealot  
  22  2:25  Gateway  
  22  2:33  Probe  
  22  2:36  Zealot  
  23  2:37  Pylon  
  25  2:45  Probe  
  26  2:57  Probe  
  27  3:03  Zealot  
  27  3:04  Photon Cannon  
  26  3:08  Photon Cannon  
  26  3:12  Zealot  
  22  3:17  Nexus  
  9  3:37  Zealot  
  11  4:04  Zealot  
  13  4:36  Probe  
  13  4:44  Probe  
  15  4:54  Probe  
  16  5:06  Probe  
  15  5:18  Probe  
  16  5:30  Probe  
  17  5:42  Probe  
  18  5:50  Probe  
  19  5:58  Pylon, Probe  
  19  6:01  Assimilator  
  20  6:06  Assimilator  
  20  6:09  Probe  
  21  6:21  Probe  
  22  6:33  Probe  
  22  6:37  Cybernetics Core  
  23  6:42  Probe  
  23  6:43  Forge  
  24  6:50  Probe  
  24  6:59  Probe  
  26  7:11  Probe  
  27  7:18  Pylon  
  27  7:23  Probe  
  26  7:35  Probe  
  19  7:41  Pylon  
  20  7:54  Probe  
  1  8:43  Nexus  
  1  8:45  Pylon  
  1  9:53  Probe  
  2  10:01  Probe  
  3  10:10  Probe  
  4  10:23  Probe  
  5  10:35  Probe  
  6  10:47  Probe  
  7  10:55  Probe  
  7  11:03  Probe  
  9  11:13  Probe  
  10  11:25  Probe  
  11  11:37  Probe  
  12  11:49  Probe  
  13  12:01  Probe  
  14  12:11  Probe  
  15  12:19  Probe  
  15  12:28  Probe  
Show
View Real Time Build Order
Export as new Build Order

pixel Protoss 

Build Orders:  

Get SALT Encoding   

  12  0:28  Probe  
  12  0:30  Pylon  
  13  0:36  Probe, Assimilator  
  14  0:44  Assimilator  
  14  0:46  Probe  
  14  0:49  Gateway  
  15  0:58  Probe  
  15  1:01  Gateway  
  16  1:06  Probe  
  17  1:14  Probe  
  17  1:24  Probe  
  18  1:29  Pylon  
  19  1:36  Probe  
  20  1:43  Pylon, Cybernetics Core  
  20  1:48  Probe  
  21  2:00  Warp Gate, Probe  
  22  2:12  Probe  
  23  2:15  Gateway  
  23  2:18  Pylon  
  23  2:25  Probe  
  24  2:41  Gateway  
  24  3:22  Pylon  
  24  3:26  Pylon  
  24  3:35  Twilight Council  
  24  3:47  Shield Battery  
  24  3:49  Stalker  
  24  3:50  Stalker x3  
  32  4:11  Pylon  
  32  4:13  Stalker x2  
  32  4:14  Stalker x2  
  40  4:24  Dark Shrine  
  40  4:37  Stalker x4  
  44  5:01  Stalker x3  
  44  5:27  Blink  
  44  5:39  Pylon  
  44  5:55  Dark Templar x3  
  44  5:56  Dark Templar  
  52  6:13  Shadow Stride  
  50  6:47  Stalker x2  
  50  6:48  Stalker x2  
  56  7:28  Stalker x3  
  62  7:38  Nexus  
  62  7:42  Dark Templar  
  58  8:00  Dark Templar  
  58  8:01  Dark Templar  
  60  8:37  Assimilator  
  60  8:39  Pylon  
  34  9:19  Stalker x4  
  42  9:27  Probe  
  43  9:35  Probe  
  43  9:36  Assimilator  
  43  9:45  Probe  
  44  9:48  Stalker x4  
  53  9:57  Probe  
  54  10:17  Stalker  
  54  10:18  Stalker x3  
  62  10:24  Probe  
  63  10:32  Probe  
  63  10:38  Robotics Facility  
  63  10:42  Probe  
  65  10:54  Probe  
  66  11:05  Pylon  
  66  11:06  Probe  
  67  11:17  Nexus  
  67  11:18  Probe  
  68  11:30  Probe  
  69  11:36  Robotics Bay  
  69  11:55  Stalker x2  
  69  11:56  Stalker x2  
  73  12:20  Probe  
  69  12:27  Extended Thermal Lance  
  69  12:28  Probe  
  70  12:31  Disruptor  
  71  12:38  Probe  
  75  12:50  Probe  
  76  13:02  Probe  
  76  13:03  Stalker x2  
  76  13:04  Stalker x2  
  85  13:07  Probe  
  86  13:15  Probe  
  86  13:16  Colossus  
  87  13:24  Probe  
  87  13:32  Probe  
  94  13:40  Probe  
  95  13:46  Stalker  
  95  13:47  Stalker x2  
  102  13:52  Probe  
  103  14:04  Probe  
  104  14:15  Pylon  
  104  14:16  Pylon, Probe  
  105  14:19  Pylon  
  105  14:28  Probe  
  106  14:40  Probe  
  63  15:08  Probe  
  63  15:09  Stalker x4  
  68  15:16  Probe  
  57  15:26  Probe  
  52  15:38  Probe  
  53  15:50  Probe x2  
  55  16:02  Probe  
  52  16:14  Probe  
  47  16:27  Probe  
Tags
 
Add a new tag
Caveats
  • Supply blocks, unpowered buildings, or Contaminate may cause inaccurate times.
  • Supply counts are checked every 10 seconds.